AoeStats
← sanyifong

MegaRandom

505212836Analyzed
1v1 RM · 25d ago on Sep 8, 2026· 36m 57s· 2 players
Game mode
Random Map
Map size
Tiny (2 player)
Population
200
Speed
Normal
Resources
Standard
Victory
Conquest
Starting age
Dark Age
Ending age
Imperial Age
RankedLock teamsTeams togetherTeam positionsShared explorationLock speedFull tech treeHidden civsTurbo modeCheats
Victory
Defeat
695
+17
🇬🇹 Byzantines · Guatemala
706
-17
L'abominable Plummel des neiges
8:30 Loom
11:24 Feudal Age
12:44 Wheelbarrow
12:30 Double-Bit Axe
15:05 Horse Collar
21:36 Castle Age
20:38 Forging
22:56 Hand Cart
30:11 Man-at-Arms
31:59 Iron Casting
32:12 Bow Saw
32:09 Heavy Plow
34:31 Long Swordsman
35:26 Marauders
sanyifong
11:44 Feudal Age
16:07 Castle Age
16:54 Double-Bit Axe
20:11 Bow Saw
21:15 Scale Mail Armor
23:38 Squires
24:05 Fishing Lines
26:41 Wheelbarrow
29:12 Forging
30:31 Pikeman
33:36 Chain Mail Armor
33:57 Iron Casting
34:46 Man-at-Arms
35:12 Gambesons
35:14 Arson
Connection lost

Rejoining the realm…

Still unreachable

The connection could not be restored.

Session expired

The server has moved on; the page needs a fresh start.